 Dungeon Crawl Stone Soup version 0.31-a0-1321-g5021b54cb2 (webtiles) character file.

Game seed: 15562914601345143629

30 pokeman the Magician (level 3, -4/20 HPs)
             Began as a Deep Elf Hedge Wizard on Dec 20, 2023.
             Killed from afar by Sigmund (7 damage)
             ... with a puff of flame
             ... on level 2 of the Dungeon.
             The game lasted 00:01:57 (1426 turns).

pokeman the Magician (Deep Elf Hedge Wizard)        Turns: 1426, Time: 00:01:57

Health: -4/20      AC:  2    Str:  7    XL:     3   Next: 3%
Magic:  7/11       EV: 12    Int: 20    God:
Gold:   45         SH:  0    Dex: 14    Spells: 4/12 levels left

rFire   . . .        a - +0 dagger
rCold   . . .        (no shield)
rNeg    . . .        b - +0 robe
rPois   .            c - +0 hat
rElec   .            (no cloak)
rCorr   .            (no gloves)
SInv    .            (no boots)
Will    .....        (no amulet)
Stlth   +            (no ring)
HPRegen 0.23/turn    (no ring)
MPRegen 0.12/turn

%: no passive effects
@: confused
A: no striking features
a: no special abilities


You were on level 2 of the Dungeon.
You visited 1 branch of the dungeon, and saw 2 of its levels.

You collected 45 gold pieces.

Inventory:

Hand Weapons
 a - a +0 dagger (weapon)
Armour
 b - a +0 robe (worn)
 c - a +0 hat (worn)
Scrolls
 e - a scroll of immolation {unknown}
 h - a scroll of poison {unknown}
Potions
 d - a potion of magic
 f - 2 potions of heal wounds {unknown}
 g - a potion of attraction {unknown}


   Skills:
 + Level 0.8 Fighting
 + Level 0.7 Armour
 - Level 2.4 Dodging
 - Level 2.4 Stealth
 * Level 5.0 Spellcasting
 + Level 1.7 Conjurations
 - Level 1.1 Summonings
 - Level 1.1 Translocations


You had 4 spell levels left.
You knew the following spells:

 Your Spells              Type           Power      Damage    Failure   Level
a - Magic Dart            Conj           48%        1d5       5%          1
b - Mephitic Cloud        Conj/Alch/Air  7%         N/A       26%         3
c - Call Imp              Summ           18%        N/A       11%         2
d - Blink                 Tloc           18%        N/A       11%         2

Your spell library contained the following spells:

 Spells                   Type           Power      Damage    Failure   Level
 Slow                     Hex            20%        N/A       12%         1
 Cigotuvi's Dreadful Rot  Necr/Alch/Air  10%        N/A       17%         2
 Dazzling Flash           Conj/Hex       16%        N/A       24%         3
 Agony                    Necr           5%         N/A       97%         5
 Silence                  Hex/Air        2%         N/A       97%         5


Dungeon Overview and Level Annotations

Branches:
Dungeon (2/15)

Altars:

Annotations:
D:2 Natasha, Sigmund


Message History

The adder poisons you!
Casting: Mephitic Cloud (extremely dangerous; 26% risk of failure)
Confirm with . or Enter, or press ? or * to list all spells.
Aiming: Mephitic Cloud (extremely dangerous; 26% risk of failure)
Press: ? - help, Shift-Dir - straight line, f - adder, p - Sigmund
Aim: an adder (chance to affect: 91%)
The ball explodes into a vile cloud!
The stinking cloud engulfs the adder.
The stinking cloud engulfs you.
The stinking cloud engulfs Sigmund.
Sigmund is almost dead.
You are engulfed in noxious fumes.
You choke on the stench!
You are confused.
You feel sick.
The adder is engulfed in noxious fumes.
The adder appears confused.
The adder bites you.
The adder bites itself.
Sigmund misses you.
Unknown command.
Unknown command.
You bump into the rock wall.
You are engulfed in noxious fumes.
You choke on the stench!
You are more confused.
You feel sick.
The adder is engulfed in noxious fumes.
The adder appears confused.
You bump into the rock wall.
You are engulfed in noxious fumes.
You choke on the stench!
You are more confused.
You feel sick.
The adder is engulfed in noxious fumes.
The adder appears confused.
Sigmund closely misses you.
You feel sick.
Sigmund seems less confused.
The adder closely misses Sigmund.
There is a stone staircase leading up here.
Unknown command.
You feel sick.
You are no longer poisoned.
Sigmund hits you from afar with a +0 scythe.
* * * LOW HITPOINT WARNING * * *
Unknown command.
The adder bites itself.
You bump into the rock wall.
Sigmund gestures at you while chanting. The puff of flame hits you!
You die...
Sigmund begins carving another notch in his scythe.

..... ...@ ... ..
)########
#+#######........
#......)#.#
..######S#.#
.......@<@.#
#...######## .


You could see Sigmund and an adder (confused).

Vanquished Creatures
  A dart slug (D:1)
  3 endoplasms
  2 giant cockroaches (D:1)
  5 hobgoblins
  2 quokkas (D:1)
  A ball python (D:1)
  2 bats (D:1)
  6 goblins
  A kobold (D:1)
  A rat (D:1)
24 creatures vanquished.

Notes
Turn   | Place    | Note
-------+----------+-------------------------------------------
     0 | D:1      | pokeman the Deep Elf Hedge Wizard began the quest for the
                  | Orb.
     0 | D:1      | Reached XP level 1. HP: 10/10 MP: 7/7
   325 | D:1      | Reached XP level 2. HP: 16/16 MP: 1/9
   927 | D:1      | Reached skill level 5 in Spellcasting
  1334 | D:2      | Noticed Natasha
  1339 | D:2      | Reached XP level 3. HP: 20/20 MP: 7/11
  1345 | D:1      | Learned a level 3 spell: Mephitic Cloud
  1348 | D:1      | Learned a level 2 spell: Call Imp
  1351 | D:1      | Learned a level 2 spell: Blink
  1400 | D:2      | Noticed Sigmund
  1426 | D:2      | Killed from afar by Sigmund

Illustrated notes

Levels and vault maps discovered:
D:1:      lightli_arrival_farm, layout_loops_ring, minmay_misc_feat_pillars
D:2:      layout_basic, uniq_natasha, uniq_terence, uniq_sigmund

Skill      XL: |  1  2 |
---------------+-------+-----
Spellcasting   | 5 |  5.0
Fighting       | |  0.8
Armour         | |  0.7
Dodging        | |  2.4
Stealth        | |  2.4
Conjurations   | |  1.7
Summonings     | |  1.1
Translocations | |  1.1

Action                     || total
---------------------------++-------
  Melee: Dagger            ||    11
   Cast: Magic Dart        ||    67
         Mephitic Cloud    ||     2
   Stab: Confused          ||     2
 Armour: Robe              ||    11
  Dodge: Dodged            ||    17

Table legend: (Time is in decaauts)
 A = Elapsed time spent in this place.
 B = Non-inter-level travel time spent in this place.
 C = Inter-level travel time spent in this place.
 D = Time resting spent in this place.
 E = Time spent auto-exploring this place.
 F = Levels seen in this place.
 G = Mean time per level.
                   A        B        C        D        E       F      G
               +--------+--------+--------+--------+--------+-----+--------+
         Total |   1445 |   1368 |     77 |      6 |   1213 |   2 |  722.5 |
       Dungeon |   1445 |   1368 |     77 |      6 |   1213 |   2 |  722.5 |
               +--------+--------+--------+--------+--------+-----+--------+

Top non-repeatable levels by time:
     D:1: 1356 daAuts
     D:2: 89 daAuts
